 Dungeon Crawl Stone Soup version 0.29.0-11-gd7f09526c8 (webtiles) character file.

Game seed: 11763329794961038844

73 wakxed the Chopper (level 4, -4/40 HPs)
             Began as a Hill Orc Berserker on Sept 3, 2022.
             Was a Believer of Trog.
             Killed by divine providence
             ... invoked by an orc priest
              (14 damage)
             ... on level 4 of the Dungeon.
             The game lasted 00:07:52 (3274 turns).

wakxed the Chopper (Hill Orc Berserker)             Turns: 3274, Time: 00:07:52

Health: -4/40      AC:  7    Str: 21    XL:     4   Next: 27%
Magic:  4/4        EV: 10    Int:  7    God:    Trog [**....]
Gold:   221        SH:  3    Dex: 10    Spells: 3/3 levels left

rFire   . . .      SeeInvis .   a - +0 hand axe
rCold   + . .      Faith    .   o - +0 buckler
rNeg    . . .      Spirit   .   h - +0 ring mail
rPois   .          Reflect  .   s - +0 helmet
rElec   .          Harm     .   (no cloak)
rCorr   .          Rampage  .   b - +0 pair of gloves
Will    .....                   (no boots)
Stlth   ..........              d - amulet of the acrobat
HPRegen 0.13/turn               c - ring of protection from cold
MPRegen 0.09/turn               (no ring)

@: flying
A: no striking features
a: Renounce Religion, Convert to Beogh, Berserk, Trog's Hand


You were on level 4 of the Dungeon.
You worshipped Trog.
Trog was pleased with you.
You visited 1 branch of the dungeon, and saw 4 of its levels.

You collected 221 gold pieces.

Inventory:

Hand Weapons
 a - a +0 hand axe (weapon)
Missiles
 q - 4 boomerangs (quivered)
Armour
 b - a +0 pair of gloves (worn)
 h - a +0 ring mail (worn)
 o - a +0 buckler (worn)
 s - a +0 helmet (worn)
Jewellery
 c - a ring of protection from cold (left hand)
 d - an amulet of the acrobat (around neck)
Wands
 k - a wand of paralysis (10)
Scrolls
 e - a scroll of silence {unknown}
 f - a scroll of summoning {unknown}
 g - a scroll of poison {unknown}
 j - 4 scrolls of identify {unknown}
 m - a scroll of teleportation {unknown}
Potions
 i - a potion of flight
 l - a potion of attraction {unknown}
 n - a potion of heal wounds {unknown}
 p - a potion of curing {unknown}
 r - a potion of invisibility {unknown}
 t - a potion of might {unknown}


   Skills:
 * Level 4.2 Fighting
 * Level 4.7 Axes
 + Level 0.1 Throwing
 * Level 3.1 Armour
 + Level 2.2 Dodging
 + Level 0.6 Shields


You had 3 spell levels left.
You didn't know any spells.
Your spell library was empty.

Dungeon Overview and Level Annotations

Branches:
Dungeon (4/15)
 Temple: D:4-7

Altars:

Shops:
D:1 (


Message History

You barely miss the orc.
The orc is severely wounded.
The orc hits you with a +0 dagger. x2
You closely miss the orc.
The orc is severely wounded.
You hit the orc.
The orc priest shouts, "Join the one true god or die!"
The orc hits you with a +0 war axe. The orc closely misses you.
The orc attacks as you move away! The orc barely misses you.
The orc attacks as you move away! The orc closely misses you.
You hit the orc.
You kill the orc!
Trog accepts your kill.
The orc priest calls down the wrath of Beogh upon you.
Beogh smites you!
You closely miss the orc.
The orc is lightly wounded.
The orc priest looks encouraged for a moment.
The orc hits you but does no damage.
You barely miss the orc.
The orc is lightly wounded.
The orc priest shouts, "Surrender to Beogh and we'll let you live!"
The orc hits you with a +0 war axe.
You are too injured to fight recklessly!
You are too injured to fight recklessly!
You are too injured to fight recklessly!
It was a potion of flight.
You feel very buoyant.
You fly up into the air.
The orc closely misses you.
You hit the orc.
The orc is moderately wounded.
The orc hits you with a +0 war axe.
* * * LOW HITPOINT WARNING * * *
The orc priest calls upon Beogh to heal the orc.
The orc's wounds heal themselves!
You hit the orc.
The orc is heavily wounded.
The orc priest calls down the wrath of Beogh upon you.
Beogh smites you!
You die...

#. #o......#
#.###.)...#
#....o....#.#
##............
##### #.#...#.##.##
#...####.##.##.##.#
#............oo...#
#...####<##.##o####
####.#####†##+##@#
........##.......#
.###.##.###.....##
.##..##.##.......#
#....##.#.........#
........'.........+
.#...##.#.........#
........##.......##
...########......#


You could see an orc priest and 2 orcs.

Vanquished Creatures
  2 adders (D:2)
  A shadow imp (D:3)
  A worm (D:4)
  An orc (D:4)
  5 endoplasms
  A giant cockroach (D:2)
  5 goblins
  4 hobgoblins
  3 jackals (D:4)
  A quokka (D:1)
  2 ball pythons
  3 bats
  3 frilled lizards
  5 kobolds
  A rat (D:2)
38 creatures vanquished.

Vanquished Creatures (others)
  4 fungi (D:4)
4 creatures vanquished.

Grand Total: 42 creatures vanquished

Notes
Turn   | Place    | Note
-------+----------+-------------------------------------------
     0 | D:1      | wakxed the Hill Orc Berserker began the quest for the Orb.
     0 | D:1      | Reached XP level 1. HP: 19/19 MP: 1/1
   389 | D:1      | Found Bacooxuy's Antique Weapon Boutique.
   403 | D:1      | Reached XP level 2. HP: 21/27 MP: 2/2
  1188 | D:2      | Reached XP level 3. HP: 32/33 MP: 3/3
  2182 | D:3      | Reached ** piety under Trog
  2927 | D:3      | Reached XP level 4. HP: 14/40 MP: 4/4
  3274 | D:4      | Killed from afar by an orc priest

Illustrated notes

Levels and vault maps discovered:
D:1:      psy_arrival_spokes, layout_basic, serial_shops, shop_fountains
D:2:      layout_loops_ring
D:3:      layout_basic
D:4:      layout_loops_corners, slow_altar_1, grunt_temple_overflow_open,
          mainiacjoe_overflow_alcove_2, grunt_decor_arrowhead,
          dreamdust_mushroom_princess

Skill      XL: |  1  2  3 |
---------------+----------+-----
Dodging        | 2 |  2.2
Fighting       | 4 |  4.2
Armour         | 3 |  3.1
Axes           | |  4.7
Throwing       | |  0.1
Shields        | |  0.6

Action                   |  1- 3 |  4- 6 || total
-------------------------+-------+-------++-------
Melee: Hand axe          |   114 |    39 ||   153
       Punch             |     1 |       ||     1
Throw: Boomerang         |     7 |       ||     7
  Use: Potion            |     1 |     1 ||     2
 Stab: Sleeping          |     1 |       ||     1
Armor: Animal skin       |    13 |       ||    13
       Skin              |     9 |       ||     9
       Ring mail         |     7 |    11 ||    18
Dodge: Dodged            |    78 |    24 ||   102
Block: Buckler           |     4 |     3 ||     7
